 Dungeon Crawl Stone Soup version 0.18.1-47-g9310371 (webtiles) character file.

562 dvd the Firebug (level 6, -1/47 HPs)
             Began as a Demigod Fire Elementalist on June 23, 2016.
             Killed from afar by an orc (17 damage)
             ... with a wand of acid
             ... on level 5 of the Dungeon.
             The game lasted 00:11:55 (3960 turns).

dvd the Firebug (Demigod Fire Elementalist)         Turns: 3960, Time: 00:11:56

Health: -1/47      AC: 15    Str: 15    XL:     6   Next: 83%
Magic:  12/13      EV: 12    Int: 19    God:
Gold:   162        SH:  0    Dex: 16    Spells: 2 memorised, 8 levels left

rFire  + . .     SeeInvis .     x - +1 mace (protect)
rCold  . . .     Gourm    +     f - +3 ring mail {rF+}
rNeg   . . .     Faith    .     (no shield)
rPois  .         Spirit   .     (no helmet)
rElec  .         Dismiss  .     (no cloak)
rCorr  .         Reflect  .     g - +0 pair of gloves
SustAt +         Harm     .     o - +0 pair of boots
MR     .....                    w - amulet of the gourmand
Stlth  +++.......               (no ring)
                                C - ring of stealth

@: not resistant to hostile enchantments, fairly stealthy
A: high mp 1, sustain attributes
a: no special abilities


You were on level 5 of the Dungeon.
You were very full.

You visited 1 branch of the dungeon, and saw 5 of its levels.

You collected 162 gold pieces.

Inventory:

Hand Weapons
 a - a +1 mace of draining
 r - a +0 war axe
 x - a +1 mace of protection (weapon)
 y - a +1 short sword of venom
Armour
 f - a +3 ring mail of fire resistance (worn)
 g - a +0 pair of gloves (worn)
 j - a +0 robe
 o - a +0 pair of boots (worn)
Jewellery
 w - an amulet of the gourmand (around neck)
 C - a ring of stealth (left hand)
Wands
 m - a wand of digging (16/24)
 A - a wand of acid (8/15)
Scrolls
 e - 3 scrolls of remove curse
 h - a scroll of noise {unknown}
 i - 3 scrolls of teleportation
 l - a scroll of magic mapping
 n - 4 scrolls of identify
 p - a scroll of enchant armour
 s - a scroll of immolation {unknown}
Potions
 d - a potion of curing {unknown}
 k - 3 potions of heal wounds {unknown}
 q - a potion of magic
 t - a potion of cure mutation {unknown}
 v - 2 potions of degeneration {unknown}
 D - a potion of might {unknown}
Books
 b - a book of Flames

   Spells                             Type                      Level
   a - Flame Tongue                   Conjuration/Fire             1
   b - Throw Flame                    Conjuration/Fire             2
   c - Conjure Flame                  Conjuration/Fire             3
   d - Inner Flame                    Hexes/Fire                   3
   e - Sticky Flame                   Conjuration/Fire             4
   f - Fireball                       Conjuration/Fire             5
 B - a book of Burglary

   Spells                             Type                      Level
   a - Swiftness                      Charms/Air                   2
   b - Passwall                       Transmutation/Earth          2
   c - Passage of Golubria            Translocation                4
   d - Lee's Rapid Deconstruction     Earth                        5
   e - Darkness                       Hexes                        6
   f - Invisibility                   Hexes                        6
Comestibles
 c - 4 bread rations
 u - 5 fruits
 z - 3 meat rations
 E - 3 chunks of flesh


   Skills:
 + Level 1.3 Fighting
 + Level 1.7 Maces & Flails
 + Level 1.8 Armour
 + Level 3.2 Dodging
 + Level 2.5 Stealth
 + Level 3.1 Spellcasting
 + Level 2.3 Conjurations
 + Level 4.1 Fire Magic


You had 8 spell levels left.
You knew the following spells:

 Your Spells              Type           Power        Failure   Level  Hunger
a - Flame Tongue          Conj/Fire      ###..        10%         1    None
b - Throw Flame           Conj/Fire      ###...       12%         2    ##.....


Dungeon Overview and Level Annotations

Branches:
Dungeon (5/15)
 Temple: D:4-7

Shops:
D:4 =


Innate Abilities, Weirdness & Mutations

You have an increased reservoir of magic (+10% MP).
Your attributes are resistant to harm.


Message History

You closely miss the crimson imp.
The crimson imp is lightly wounded.
The crimson imp closely misses you.
The crimson imp hits you but does no damage.
You closely miss the crimson imp.
The crimson imp hits you but does no damage.
A worker ant comes into view.
You barely miss the crimson imp.
The crimson imp blinks!
The crimson imp blinks!
You see here a jackal corpse.
You butcher the jackal corpse.
E - 3 chunks of flesh You see here a jackal skeleton.
There are no objects that can be picked up here. a jackal skeleton Unknown command.
An orc comes into view. It is wielding a hand axe.
An orc priest comes into view.
You barely miss the orc.
The orc zaps a wand.
The bolt of acid hits you!
You die...

### #.# #.#############.
#.......<.......
#.#######.#####. #.# ...
#.######################
#........o@............#
####>...................
#o#######......####. #.#
#......#
#.#######......#
...............#
..#########5#### ...#
#.# ###.#


You could see an orc priest (wandering), a crimson imp and an orc.

Vanquished Creatures
  Sigmund (D:3)
  A giant frog (D:3)
  A scorpion (D:4)
  An orc priest (D:3)
  A hound (D:4)
  An iguana (D:4)
  3 worker ants
  4 adders
  3 oozes
  2 worms (D:3)
  A dart slug (D:4)
  2 giant geckos
  7 orcs
  6 bats
  A giant cockroach (D:2)
  6 goblins
  2 hobgoblins
  4 jackals
  A quokka (D:3)
  3 ball pythons (D:3)
  3 giant newts
  13 kobolds
  9 rats
76 creatures vanquished.

Notes
Turn   | Place    | Note
--------------------------------------------------------------
     0 | D:1      | dvd the Demigod Fire Elementalist began the quest for the Orb.
     0 | D:1      | Reached XP level 1. HP: 14/14 MP: 5/5
   252 | D:1      | Reached skill level 3 in Fire Magic
   361 | D:1      | Reached XP level 2. HP: 20/20 MP: 7/7
   717 | D:1      | Learned a level 2 spell: Throw Flame
  1079 | D:2      | Reached skill level 1 in Conjurations
  1079 | D:2      | Reached XP level 3. HP: 23/26 MP: 8/8
  1783 | D:3      | Noticed Sigmund
  1793 | D:3      | Killed Sigmund
  1793 | D:3      | Reached skill level 1 in Armour
  1793 | D:3      | Reached XP level 4. HP: 8/34 MP: 1/10
  1793 | D:3      | Reached XP level 5. HP: 9/39 MP: 1/12
  2070 | D:3      | Reached skill level 1 in Maces & Flails
  2449 | D:3      | Reached skill level 1 in Fighting
  2467 | D:3      | Found a snail-covered altar of Cheibriados.
  2562 | D:3      | Reached XP level 6. HP: 46/47 MP: 9/13
  2939 | D:4      | Reached skill level 4 in Fire Magic
  3107 | D:4      | Found a sacrificial altar of Ru.
  3370 | D:4      | Found Qynt's Jewellery Shoppe.
  3786 | D:5      | Entered Level 5 of the Dungeon
  3960 | D:5      | Killed from afar by an orc

Skill      XL: |  1  2  3  4  5  6 |
---------------+-------------------+-----
Fire Magic     | 3 4 |  4.1
Dodging        | 2 3 |  3.2
Spellcasting   | 2 3 |  3.1
Conjurations   | 1 2 |  2.3
Armour         | 1 |  1.8
Stealth        | 2 |  2.5
Maces & Flails | 1 |  1.7
Fighting       | 1 |  1.3

Action                   |  1- 3 |  4- 6 || total
-------------------------+-------+-------++-------
Melee: Mace              |    45 |   165 ||   210
       Whip              |     4 |       ||     4
       Unarmed           |     4 |       ||     4
 Cast: Flame Tongue      |    35 |    32 ||    67
       Throw Flame       |     4 |    22 ||    26
  Use: Scroll            |     7 |       ||     7
 Stab: Sleeping          |     4 |     1 ||     5
  Eat: Chunk             |     3 |    17 ||    20
Armor: Ring mail         |    36 |   110 ||   146
Dodge: Dodged            |    36 |   131 ||   167
